 Dungeon Crawl Stone Soup version 0.21-a0-440-g28109cb (webtiles) character file.

178 tof the Twirler (level 5, -1/40 HPs)
             Began as a Demonspawn Gladiator on Nov 11, 2017.
             Killed by divine providence
             ... invoked by an orc priest
              (9 damage)
             ... on level 3 of the Dungeon.
             The game lasted 00:06:06 (2929 turns).

tof the Twirler (Demonspawn Gladiator)              Turns: 2929, Time: 00:06:06

Health: -1/40      AC: 11    Str: 14    XL:     5   Next: 32%
Magic:  5/5        EV: 12    Int:  9    God:
Gold:   168        SH:  0    Dex: 16    Spells: 4/4 levels left

rFire    + . .     SeeInvis .   a - +0 quarterstaff
rCold    . . .     Gourm    .   (shield currently unavailable)
rNeg     . . .     Faith    .   r - +2 ring mail {rPois}
rPois    +         Spirit   .   c - +0 helmet
rElec    .         Reflect  .   (no cloak)
rCorr    .         Harm     .   o - +0 pair of gloves
MR       .....                  (no boots)
Stlth    +.........             (no amulet)
HPRegen  0.13/turn              h - ring of protection from fire
MPRegen  0.09/turn              (no ring)

@: no status effects
A: icy blue scales 1, rot immunity
a: no special abilities


You were on level 3 of the Dungeon.
You were hungry.

You visited 1 branch of the dungeon, and saw 3 of its levels.

You collected 168 gold pieces.

Inventory:

Hand Weapons
 a - a +0 quarterstaff (weapon)
Missiles
 d - 3 throwing nets (quivered)
 y - 2 tomahawks
Armour
 b - a +0 leather armour
 c - a +0 helmet (worn)
 o - a +0 pair of gloves (worn)
 q - a +0 ring mail
 r - a +2 ring mail of poison resistance (worn)
Jewellery
 h - a ring of protection from fire (left hand)
 t - an uncursed ring of flight {unknown}
 w - an uncursed amulet of regeneration {unknown}
Scrolls
 e - a scroll of fog {unknown}
 l - a scroll of random uselessness {unknown}
 n - a scroll of magic mapping {unknown}
 p - 2 scrolls of teleportation {unknown}
 s - a scroll of identify {unknown}
 x - 2 scrolls of enchant armour {unknown}
Potions
 g - 2 potions of mutation {unknown}
 i - 2 potions of brilliance {unknown}
 j - 3 potions of curing {unknown}
 u - a potion of heal wounds {unknown}
 v - a potion of haste {unknown}
Books
 A - a book of Misfortune

   Spells                             Type                      Level
   a - Confusing Touch                Hexes                        1
   b - Confuse                        Hexes                        3
   c - Gell's Gravitas                Translocation                3
   d - Petrify                        Transmutation/Earth          4
   e - Metabolic Englaciation         Hexes/Ice                    5
   f - Yara's Violent Unravelling     Hexes/Transmutation          5
Comestibles
 f - 3 bread rations
 k - 2 royal jellies
 m - 2 fruits


   Skills:
 + Level 2.9 Fighting
 * Level 3.8 Staves
 + Level 2.5 Throwing
 + Level 1.6 Armour
 + Level 3.3 Dodging


You had 4 spell levels left.
You didn't know any spells.

Dungeon Overview and Level Annotations

Branches:
Dungeon (3/15)

Altars:
Fedhas
Hepliaklqana
Nemelex Xobeh
Vehumet


Innate Abilities, Weirdness & Mutations

You are partially covered in icy blue scales. (AC +2)
You are immune to rotting.


Message History

The kobold hits you but does no damage.
The kobold hits you with a short sword of protection.
You barely miss the kobold.
The kobold is heavily wounded.
The orc priest calls down the wrath of Beogh upon you.
Beogh smites you!
* * * LOW HITPOINT WARNING * * *
The kobold hits you with a short sword of protection.
* * * LOW HITPOINT WARNING * * *
You hit the kobold.
The kobold is severely wounded.
The kobold misses you.
You barely miss the kobold.
The kobold is severely wounded.
The kobold hits you but does no damage.
The orc priest looks satisfied for a moment.
An orc comes into view. It is wielding a whip.
The orc priest mumbles some strange prayers to Beogh against you.
Beogh smites you!
You die...

##.###.### '.........
#. ##.###.########.
##..##..........
###.#..... ... ## #
#.#...# #..#<# #
#.#...# #....# #
#.....# #...#+####
##....########@......#
#...o..ooo.K........#
#...##########.......
#...# ......# ##....
####### ..o.## ###..#
.>.# ##o#


You could see an orc priest, 2 orcs and a kobold.

Vanquished Creatures
  An orc wizard (D:3)
  Jessica (D:2)
  A worker ant (D:2)
  3 adders
  2 worms (D:2)
  A dart slug (D:2)
  A leopard gecko (D:2)
  9 orcs (D:3)
  A giant cockroach (D:1)
  4 goblins
  7 hobgoblins
  4 jackals (D:2)
  6 kobolds
  A quokka (D:3)
  A ball python (D:2)
  5 bats
  4 frilled lizards
  6 rats
58 creatures vanquished.

Notes
Turn   | Place    | Note
-------+----------+-------------------------------------------
     0 | D:1      | tof the Demonspawn Gladiator began the quest for the Orb.
     0 | D:1      | Reached XP level 1. HP: 16/16 MP: 1/1
   398 | D:1      | Gained mutation: You are partially covered in icy blue scales. (AC +2) [demonic ancestry]
   398 | D:1      | Reached XP level 2. HP: 21/22 MP: 2/2
   902 | D:2      | Gained mutation: You are immune to rotting. [demonic ancestry]
   902 | D:2      | Reached XP level 3. HP: 16/28 MP: 3/3
  1045 | D:2      | Found a hazy altar of Hepliaklqana.
  1188 | D:2      | Reached skill level 1 in Armour
  1533 | D:2      | Reached XP level 4. HP: 22/34 MP: 4/4
  1569 | D:2      | Found a sparkling altar of Nemelex Xobeh.
  1576 | D:2      | Noticed Jessica
  1579 | D:2      | Killed Jessica
  1908 | D:2      | Found a radiant altar of Vehumet.
  1908 | D:2      | Found a blossoming altar of Fedhas.
  2462 | D:3      | Reached XP level 5. HP: 36/39 MP: 5/5
  2929 | D:3      | Killed from afar by an orc priest

Vault maps used:
D:1:      dpeg_arrival_rooms_a
D:2:      wad_pebble_path, gammafunk_temple_overflow_elements,
          lemuel_doored_altar, nemelex_xobeh_ov_fountains_minmay, first_bread,
          uniq_jessica
D:3:      old_standard_altar

Skill      XL: |  1  2  3 |
---------------+----------+-----
Throwing       | 2 |  2.5
Staves         | 3 |  3.8
Dodging        | 3 |  3.3
Armour         | 1 |  1.6
Fighting       | |  2.9

Action                   |  1- 3 |  4- 6 || total
-------------------------+-------+-------++-------
Melee: Quarterstaff      |   121 |    92 ||   213
 Stab: Sleeping          |     1 |       ||     1
  Eat: Chunk             |     2 |     4 ||     6
Armor: Leather armour    |    31 |       ||    31
       Ring mail         |    13 |    32 ||    45
Dodge: Dodged            |    91 |    40 ||   131

Table legend:
 A = Spawn XP
 B = Non-spawn XP
 C = Spawn XP percentage of total XP
 D = Spawn monster count
 E = Non-spawn monster count
 F = Spawn count percentage of total count
 G = Total turns spent on level
                    A         B        C        D         E        F      G
               +---------+---------+-------+---------+---------+-------+---------
         Total |       0 |     255 |   0.0 |       0 |      58 |   0.0 |  2929
               +---------+---------+-------+---------+---------+-------+---------
           D:1 |       0 |      25 |   0.0 |       0 |      16 |   0.0 |   872
           D:2 |       0 |     144 |   0.0 |       0 |      28 |   0.0 |  1456
           D:3 |       0 |      86 |   0.0 |       0 |      14 |   0.0 |   601
               +---------+---------+-------+---------+---------+-------+---------
